 Dungeon Crawl Stone Soup version 0.18.1-48-g4cf74bf (webtiles) character file.

730 Heedrag the Destroyer (level 7, -13/36 HPs)
             Began as a Deep Elf Conjurer on Aug 7, 2016.
             Mangled by an iguana (14 damage)
             ... on level 5 of the Dungeon.
             The game lasted 00:10:32 (4289 turns).

Heedrag the Destroyer (Deep Elf Conjurer)           Turns: 4289, Time: 00:10:33

Health: -13/36     AC:  2    Str:  7    XL:     7   Next: 44%
Magic:  0/18       EV: 13    Int: 20    God:
Gold:   217        SH:  0    Dex: 15    Spells: 4 memorised, 5 levels left

rFire  . . .     SeeInvis .     e - +0 short sword
rCold  . . .     Gourm    .     a - +0 robe
rNeg   . . .     Faith    .     (no shield)
rPois  .         Spirit   .     (no helmet)
rElec  .         Dismiss  .     (no cloak)
rCorr  .         Reflect  .     (no gloves)
SustAt .         Harm     .     (no boots)
MR     .....                    (no amulet)
Stlth  ++........               (no ring)
                                (no ring)

@: not resistant to hostile enchantments, unstealthy
A: no striking features
a: no special abilities


You were on level 5 of the Dungeon.
You were hungry.

You visited 1 branch of the dungeon, and saw 5 of its levels.

You collected 217 gold pieces.

Inventory:

Hand Weapons
 e - a +0 short sword (weapon)
 x - the +2 rapier "Panown" {pierce, *Drain rN+ Str+3 Dex+8}
   (You found it on level 5 of the Dungeon)

   It inflicts extra damage upon your enemies.
   It affects your strength (+3).
   It affects your dexterity (+8).
   It protects you from negative energy.
   It causes draining when unequipped.
Armour
 a - a +0 robe (worn)
Jewellery
 q - a cursed ring of loudness {unknown}
Wands
 l - a wand of iceblast (8/15)
Scrolls
 d - 2 scrolls of identify
 g - 2 scrolls of noise {unknown}
 m - 2 scrolls of enchant weapon {unknown}
 n - 2 scrolls of remove curse {unknown}
 o - 2 scrolls of teleportation {unknown}
 p - 3 scrolls of recharging {unknown}
 s - a scroll of random uselessness {unknown}
 t - a scroll of fear {unknown}
Potions
 f - a potion of invisibility {unknown}
 h - a potion of berserk rage {unknown}
 i - 3 potions of curing {unknown}
 r - 2 potions of brilliance {unknown}
 u - a potion of heal wounds {unknown}
 w - a potion of ambrosia {unknown}
Books
 b - a book of Conjurations

   Spells                             Type                      Level
   a - Magic Dart                     Conjuration                  1
   b - Searing Ray                    Conjuration                  2
   c - Dazzling Spray                 Conjuration/Hexes            3
   d - Fulminant Prism                Conjuration/Hexes            4
   e - Iskenderun's Mystic Blast      Conjuration                  4
   f - Iskenderun's Battlesphere      Conjuration/Charms           5
Comestibles
 c - 5 bread rations
 j - a slice of pizza
 k - a beef jerky


   Skills:
 - Level 2.4 Dodging
 - Level 2.4 Stealth
 + Level 6.3 Spellcasting
 * Level 8.4 Conjurations
 + Level 3.7 Charms


You had 5 spell levels left.
You knew the following spells:

 Your Spells              Type           Power        Failure   Level  Hunger
a - Magic Dart            Conj           ####         1%          1    None
b - Dazzling Spray        Conj/Hex       ###...       8%          3    ##.....
c - Iskenderun's Mystic   Conj           #####...     3%          4    ####...
d - Iskenderun's Battles  Conj/Chrm      ####....     24%         5    #####..


Dungeon Overview and Level Annotations

Branches:
Dungeon (5/15)
 Temple: D:4-7

Altars:
Gozag
Yredelemnul

Annotations:
D:4 CrazyArbalest's ghost, amateur MiHu


Message History

Ye hit tha iguana but do nay damage.
Tha iguana be severely wounded.
Tha iguana bites ye.
* * * LOW HITPOINT WARNIN'
* * * Ye hit tha iguana but do nay damage.
Tha iguana be severely wounded.
Tha iguana bites ye.
* * * LOW HITPOINT WARNIN'
* * * Castin': Magic Dart Confirm wit' . or Enter, or press ? or * ta list all spells.
Aimin': Magic Dart
Press: ? - help, Shift-Dir - straight line, f/p - iguana
Aim: an iguana (severely wounded) Tha magic dart hits tha iguana.
Tha iguana be severely wounded.
Tha iguana barely misses ye.
Ye hit tha iguana.
Tha iguana be almost dead.
Tha iguana bites ye!
Ye die...

#......# #.........##........
#......# #.........##........
##......######....##...##########
........................#
#.......####.......####.#########
....................l............
#.############.....##....######.#
..# #.#l####.....# #.# #.###
#.#@# #...#.# #.# #)).# #.###
#...#.# #l# #.#### #.# #...#.#
#.# .....# ..# #####.# #.# ######
### #.# #.# #.## #.# ### #..# #.#
..... ##.# #.# ##### #.# #.#


You could see an iguana.

Vanquished Creatures
  A phantom (D:4)
  An ogre (D:4)
  The ghost of Gartch the Firebug, an amateur DEFE (D:3)
  2 crimson imps (D:5)
  2 orc priests (D:5)
  A jelly (D:5)
  An orc wizard (D:5)
  2 worker ants (D:4)
  3 gnolls (D:5)
  9 adders
  4 adder skeletons
  3 worms
  3 dart slugs
  6 giant geckos
  10 orcs
  7 bats
  3 giant cockroaches
  3 goblins
  9 hobgoblins
  13 jackals
  4 quokkas
  A giant gecko skeleton (D:5)
  6 giant newts
  2 gnoll zombies (D:2)
  13 kobolds
  9 rats
119 creatures vanquished.

Notes
Turn   | Place    | Note
--------------------------------------------------------------
     0 | D:1      | Heedrag the Deep Elf Conjurer began the quest for the Orb.
     0 | D:1      | Reached XP level 1. HP: 10/10 MP: 6/6
   196 | D:1      | Reached XP level 2. HP: 15/15 MP: 6/8
   316 | D:1      | Reached skill level 5 in Conjurations
   661 | D:2      | Reached XP level 3. HP: 15/19 MP: 5/10
   666 | D:2      | Learned a level 3 spell: Dazzling Spray
  1093 | D:2      | Reached XP level 4. HP: 11/24 MP: 9/12
  1099 | D:2      | Learned a level 4 spell: Iskenderun's Mystic Blast
  1594 | D:2      | Found a basalt altar of Yredelemnul.
  1875 | D:3      | Reached skill level 6 in Conjurations
  2141 | D:3      | Reached XP level 5. HP: 27/28 MP: 8/13
  2173 | D:3      | Noticed Gartch's ghost (amateur DEFE)
  2178 | D:3      | Killed Gartch's ghost
  2178 | D:3      | Reached skill level 5 in Spellcasting
  2237 | D:3      | Learned a level 5 spell: Iskenderun's Battlesphere
  2473 | D:3      | Found an opulent altar of Gozag.
  2891 | D:4      | Noticed a phantom
  2893 | D:4      | Reached skill level 1 in Charms
  2908 | D:4      | Killed a phantom
  2908 | D:4      | Reached skill level 7 in Conjurations
  2908 | D:4      | Reached XP level 6. HP: 19/32 MP: 0/16
  3504 | D:4      | Noticed CrazyArbalest's ghost (amateur MiHu)
  3587 | D:5      | Entered Level 5 of the Dungeon
  3746 | D:5      | Reached XP level 7. HP: 22/36 MP: 7/17
  3859 | D:5      | Reached skill level 8 in Conjurations
  4146 | D:5      | Got a smoking rapier
  4147 | D:5      | Identified the +2 rapier "Panown" {pierce, *Drain rN+ Str+3 Dex+8} (You found it on level 5 of the Dungeon)
  4286 | D:5      | HP: 1/36 [iguana (1)]
  4289 | D:5      | Mangled by an iguana

Skill      XL: |  1  2  3  4  5  6  7 |
---------------+----------------------+-----
Conjurations   | 5 6 7 8 |  8.4
Spellcasting   | 4 5 6 |  6.3
Charms         | 1 2 3 |  3.7
Dodging        | |  2.4
Stealth        | |  2.4

Action                   |  1- 3 |  4- 6 |  7- 9 || total
-------------------------+-------+-------+-------++-------
Melee: Short sword       |    17 |    15 |     6 ||    38
 Cast: Magic Dart        |    84 |   172 |    45 ||   301
       Dazzling Spray    |       |     7 |       ||     7
       Iskenderun's Batt |       |       |     2 ||     2
  Use: Scroll            |       |       |     1 ||     1
  Eat: Chunk             |       |     9 |     1 ||    10
Armor: Robe              |     4 |     6 |     1 ||    11
Dodge: Dodged            |    30 |    24 |    10 ||    64
